 Dungeon Crawl Stone Soup version 0.18.1-8-gdd0e5ea (webtiles) character file.

28 jacquesderrida the Charmwright (level 3, 18/28 HPs)
             Began as a Demonspawn Skald on May 22, 2016.
             Quit the game on level 1 of the Dungeon.
             The game lasted 00:00:35 (300 turns).

jacquesderrida the Charmwright (Demonspawn Skald)    Turns: 300, Time: 00:00:35

Health: 18/28      AC:  3    Str: 12    XL:     3   Next: 0%
Magic:  6/6        EV: 11    Int: 13    God:
Gold:   25         SH:  0    Dex: 13    Spells: 1 memorised, 5 levels left

rFire  . . .     SeeInvis .     a - +0 spear
rCold  + . .     Gourm    .     b - +0 leather armour
rNeg   . . .     Faith    .     (no shield)
rPois  .         Spirit   .     (no helmet)
rElec  .         Dismiss  .     (no cloak)
rCorr  .         Reflect  .     (no gloves)
SustAt .         Harm     .     (no boots)
MR     .....                    (no amulet)
Stlth  +.........               (no ring)
                                (no ring)

@: not resistant to hostile enchantments, very unstealthy
A: cold resistance 1, freezing cloud immunity
a: no special abilities


You were on level 1 of the Dungeon.
You were not hungry.

You visited 1 branch of the dungeon, and saw 1 of its levels.

You collected 25 gold pieces.

Inventory:

Hand Weapons
 a - a +0 spear (weapon)
Armour
 b - a +0 leather armour (worn)
Scrolls
 e - a scroll of magic mapping {unknown}
 f - a scroll of recharging {unknown}
Books
 c - a book of Battle

   Spells                             Type                      Level
   a - Infusion                       Charms                       1
   b - Shroud of Golubria             Charms/Translocation         2
   c - Song of Slaying                Charms                       2
   d - Spectral Weapon                Hexes/Charms                 3
   e - Regeneration                   Charms/Necromancy            3
Comestibles
 d - a bread ration


   Skills:
 + Level 2.3 Fighting
 + Level 2.1 Polearms
 + Level 0.8 Armour
 + Level 1.2 Dodging
 + Level 2.0 Spellcasting
 + Level 3.1 Charms


You had 5 spell levels left.
You knew the following spells:

 Your Spells              Type           Power        Failure   Level  Hunger
a - Infusion              Chrm           #...         12%         1    ##.....


Dungeon Overview and Level Annotations

Branches:
Dungeon (1/15)

Altars:


Innate Abilities, Weirdness & Mutations

Your flesh is cold resistant.
You are immune to freezing clouds.


Message History

The goblin shouts!
A goblin is nearby!
A goblin is nearby!
A goblin comes into view. It is wielding a club.
Attack whom?
Press: ? - help, Dir - move target cursor, f - goblin
Aim: a goblin, wielding a club You reach to attack!
The goblin shouts!
You hit the goblin.
The goblin is severely wounded.
There are monsters nearby!
You hit the goblin.
You kill the goblin!
You have reached level 3!
Your experience leads to an increase in your attributes!
Increase (S)trength, (I)ntelligence, or (D)exterity?
You feel agile.
Your demonic ancestry asserts itself...
You feel less concerned about cold.
Are you sure you want to abandon this character and quit the game? (Confirm with "yes".)

#........................
#......#.#.......##.....#
#.....##.#.......#.......
#...)........#.#.#.......
#########.......#.##......
...........†..............
####.....................
..........#.#.............
#####....@................
#....)................
..................####.#
........>................
..........g..............
.........#...............
...............##........
...##...................
.........


You could see a goblin.

Vanquished Creatures
  An ooze (D:1)
  A dart slug (D:1)
  A giant cockroach (D:1)
  A goblin (D:1)
  3 jackals (D:1)
  2 kobolds (D:1)
  2 bats (D:1)
  13 rats (D:1)
24 creatures vanquished.

Notes
Turn   | Place    | Note
--------------------------------------------------------------
     0 | D:1      | jacquesderrida the Demonspawn Skald began the quest for the Orb.
     0 | D:1      | Reached XP level 1. HP: 16/16 MP: 3/3
    15 | D:1      | Reached skill level 1 in Dodging
    22 | D:1      | Gained mutation: Your flesh is cold resistant. [demonic ancestry]
    22 | D:1      | Reached XP level 2. HP: 12/22 MP: 5/5
    32 | D:1      | Reached skill level 3 in Charms
   299 | D:1      | Gained mutation: You are immune to freezing clouds. [demonic ancestry]
   299 | D:1      | Reached XP level 3. HP: 18/28 MP: 6/6
   300 | D:1      | Quit the game

Skill      XL: |  1  2 |
---------------+-------+-----
Dodging        | 1 |  1.2
Polearms       | 2 |  2.1
Charms         | 3 |  3.1
Fighting       | |  2.3
Armour         | |  0.8
Spellcasting   | |  2.0

Action                   || total
-------------------------++-------
Melee: Spear             ||    90
  Use: Potion            ||     1
Armor: Leather armour    ||    32
Dodge: Dodged            ||    61
